Map: Lost and Found LE

Players

Popcorn

  • Race: Zerg Zerg
  • League: Gold
  • Spawn Location: 1:00

Sketchaphone - Winner!

  • Race: Zerg Zerg
  • League: Gold
  • Spawn Location: 7:00

VOD

Have the link to the VOD?

Description

Time

  • Played on: Nov. 10, 2018, 5:05 p.m.
  • Length: 11:29
Show
View Real Time Build Order
Export as new Build Order

Popcorn Zerg 

Build Orders: Pool First 

Get SALT Encoding   

  12  0:01  Drone  
  13  0:13  Drone  
  14  0:18  Overlord  
  14  0:37  Spawning Pool  
  14  0:40  Drone  
  14  0:41  Drone  
  15  0:51  Extractor  
  15  0:53  Drone  
  15  1:13  Hatchery  
  14  1:21  Drone x2  
  14  1:25  Zergling x2  
  17  1:38  Queen  
  19  1:45  Drone  
  20  1:47  Drone  
  21  1:56  Overlord  
  21  2:08  Drone  
  22  2:09  Metabolic Boost  
  22  2:26  Zergling x6  
  22  2:27  Queen  
  27  2:41  Roach Warren  
  26  2:45  Drone x2  
  28  2:55  Drone x2  
  30  3:06  Overlord, Drone  
  30  3:07  Drone  
  30  3:08  Drone  
  33  3:16  Queen  
  35  3:21  Drone  
  36  3:27  Overlord  
  36  3:29  Drone  
  37  3:43  Extractor  
  36  4:00  Roach  
  36  4:01  Roach x4, Drone x2  
  36  4:02  Drone x2  
  49  4:05  Drone  
  50  4:19  Evolution Chamber  
  50  4:22  Evolution Chamber  
  48  4:27  Overlord, Drone x3  
  48  4:28  Overlord  
  51  4:46  Overlord x2  
  51  4:47  Drone  
  51  4:51  Zerg Missile Weapons Level 1  
  52  5:01  Drone x4  
  52  5:02  Drone  
  57  5:17  Drone x4  
  57  5:20  Extractor  
  60  5:22  Extractor  
  60  5:23  Zerg Ground Armor Level 1  
  59  5:38  Roach x6  
  59  5:39  Zergling x4  
  73  6:03  Roach  
  75  6:04  Overlord x2  
  75  6:05  Overlord x2  
  75  6:10  Overlord x3  
  75  6:11  Overlord x2  
  75  6:18  Lair  
  75  6:32  Drone x3  
  78  6:33  Drone x2  
  78  6:38  Hatchery  
  76  7:22  Roach  
  78  7:23  Roach x6  
  78  7:24  Zerg Missile Weapons Level 2  
  78  7:25  Zerg Ground Armor Level 2  
  90  7:37  Hydralisk Den  
  90  7:41  Zergling x12  
  90  7:43  Infestation Pit  
  92  8:13  Hydralisk x4  
  92  8:14  Hydralisk x6  
  92  8:15  Hydralisk  
  114  8:24  Hive  
  114  8:25  Hydralisk  
  116  8:35  Drone x2  
  116  8:36  Drone x4  
  118  8:46  Zergling x2  
  118  8:47  Zergling x10  
  118  8:48  Zergling x2  
  112  8:58  Drone  
  112  8:59  Drone x3  
  99  9:13  Drone x6  
  99  9:14  Drone x3  
  108  9:29  Zergling x10  
  109  9:39  Zergling x2  
  109  9:40  Zergling x4  
  112  9:51  Zergling x2  
  112  9:52  Zergling x6  
  110  10:03  Zergling x6  
Show
View Real Time Build Order
Export as new Build Order

Sketchaphone Zerg - Winner!

Build Orders: Hatch First 

Get SALT Encoding   

  12  0:01  Drone  
  13  0:13  Overlord  
  13  0:22  Drone  
  14  0:33  Drone x2  
  16  0:39  Drone  
  17  0:58  Hatchery  
  16  1:12  Spawning Pool  
  15  1:21  Drone x2  
  17  1:38  Overlord  
  17  1:40  Drone  
  18  1:59  Queen  
  20  2:02  Zergling x4  
  20  2:03  Spine Crawler  
  20  2:05  Zergling x2  
  22  2:16  Zergling x2  
  23  2:23  Zergling x4  
  23  2:26  Zergling x2  
  26  2:33  Drone  
  26  2:37  Spine Crawler  
  26  2:40  Drone  
  26  2:41  Extractor  
  26  2:43  Drone  
  27  2:54  Overlord  
  27  2:55  Drone  
  28  3:04  Drone  
  29  3:09  Queen  
  29  3:10  Overlord  
  29  3:11  Overlord  
  29  3:12  Drone x2  
  33  3:27  Overlord, Drone  
  33  3:29  Zergling x2  
  33  3:33  Drone  
  36  3:44  Drone  
  36  3:47  Drone x4  
  36  3:48  Metabolic Boost  
  40  4:07  Overlord  
  40  4:13  Drone x3  
  43  4:25  Hatchery  
  42  4:31  Roach Warren  
  41  4:39  Drone  
  42  4:46  Evolution Chamber  
  42  4:48  Overlord  
  42  4:50  Drone x2  
  43  4:56  Overlord  
  43  4:57  Overlord  
  43  5:00  Drone x2  
  43  5:01  Zergling x2  
  43  5:02  Zergling x4  
  43  5:05  Queen  
  50  5:15  Overlord  
  50  5:22  Roach x5  
  60  5:39  Overlord  
  60  5:41  Roach x3  
  60  5:42  Drone  
  67  5:44  Drone  
  67  5:46  Queen  
  70  5:58  Drone  
  70  5:59  Overlord  
  70  6:01  Roach x4  
  79  6:04  Zergling x2  
  80  6:33  Overlord x2  
  74  6:47  Zergling x18, Zerg Ground Armor Level 1  
  83  7:08  Zergling x20, Extractor  
  93  7:13  Evolution Chamber  
  93  7:14  Overlord x2  
  91  7:39  Zergling x26  
  100  8:06  Zergling x2  
  100  8:08  Zerg Melee Weapons Level 1  
  101  8:13  Evolution Chamber  
  101  8:15  Extractor  
  101  8:17  Zergling x28  
  101  8:19  Zergling x2  
  113  8:43  Hatchery  
  101  8:57  Hatchery  
  93  9:05  Zergling x32  
  95  9:19  Lair  
  95  9:21  Zergling x8  
  86  10:00  Roach x13  
  108  10:20  Zergling x12  
  94  10:33  Spine Crawler  
  94  10:35  Spine Crawler, Drone x3  
  87  10:36  Spine Crawler  
  87  10:37  Drone  
  87  10:38  Queen  
  87  10:39  Drone  
  77  10:58  Zergling x8  
Tags
 
League
GoldGold
Matchup
ZvZ
Race
Zerg
Replay Pack
init
Spawn Locations
Cross Positions
Add a new tag
Caveats
  • Supply blocks, unpowered buildings, or Contaminate may cause inaccurate times.
  • Supply counts are checked every 10 seconds.